 Dungeon Crawl Stone Soup version 0.26.1-2-gb8aa6d0cf2 (webtiles) character file.

Game seed: 549150720677008497

10749 windgrace the Grappler (level 11, -5/115 HPs)
             Began as a Troll Monk on Feb 15, 2021.
             Was a High Priest of Wu Jian.
             Slain by a komodo dragon (20 damage)
             ... on level 1 of the Lair of Beasts.
             The game lasted 00:43:36 (8224 turns).

windgrace the Grappler (Troll Monk)                 Turns: 8224, Time: 00:43:37

Health: -5/115     AC:  8    Str: 35    XL:     11   Next: 40%
Magic:  10/10      EV: 17    Int:  6    God:    Wu Jian [*****.]
Gold:   208        SH:  0    Dex: 20    Spells: 10/10 levels left

rFire    . . .     SeeInvis .     - Unarmed
rCold    . . .     Faith    .   (no shield)
rNeg     . . .     Spirit   .   H - +1 robe of Grottiness {rCorr Dex+5}
rPois    .         Reflect  .   (helmet restricted)
rElec    +         Harm     .   I - +0 cloak
rCorr    +         Rampage  .   (gloves unavailable)
Will     .....                  (boots unavailable)
Stlth    ++........             (no amulet)
HPRegen  0.69/turn              j - +6 ring of strength
MPRegen  0.12/turn              G - +6 ring of strength

@: no status effects
A: large, unfitting armour, claws 3, horns 1, regeneration 1, shaggy fur 1,
electricity resistance, strong 1, tough skin 3, subdued magic 1
a: Renounce Religion, Wall Jump, Serpent's Lash, Heavenly Storm


You were on level 1 of the Lair of Beasts.
You worshipped Wu Jian.
Wu Jian was extremely pleased with you.
You visited 3 branches of the dungeon, and saw 11 of its levels.

You collected 541 gold pieces.
You spent 333 gold pieces at shops.

Inventory:

Hand Weapons
 m - a +1 short sword of electrocution
 F - a -2 spear
 V - a +1 short sword of protection
Missiles
 o - 10 poisoned darts (quivered)
 B - 12 boomerangs
 D - 14 curare-tipped darts
 K - 4 datura-tipped darts
 N - 8 boomerangs of dispersal
Armour
 a - a +1 robe
 H - the +1 robe of Grottiness (worn) {rCorr Dex+5}
   (You found it on level 4 of the Dungeon)

   It affects your dexterity (+5).
   It provides partial protection from all sources of acid and corrosion.
 I - a +0 cloak (worn)
Jewellery
 j - a +6 ring of strength (left claw)
 l - a +6 ring of intelligence
 n - an uncursed ring of resist corrosion
 G - a +6 ring of strength (right claw)
 O - an uncursed ring of wizardry
 P - an uncursed ring of willpower
 S - an uncursed ring of magical power {unknown}
 W - an uncursed amulet of inaccuracy
Wands
 u - a wand of disintegration (11)
 E - a wand of enslavement (26)
 M - a wand of digging (6)
 X - a wand of acid (7)
Scrolls
 d - 2 scrolls of random uselessness
 f - 6 scrolls of teleportation
 g - 4 scrolls of remove curse
 h - 11 scrolls of identify
 q - a scroll of enchant weapon
 r - 3 scrolls of enchant armour
 s - a scroll of amnesia
 t - a scroll of noise
 x - 3 scrolls of fog
 y - 2 scrolls of fear
 J - 2 scrolls of magic mapping
 L - a scroll of summoning
 Q - 2 scrolls of immolation {unknown}
 R - a scroll of holy word
 T - 2 scrolls of blinking
 U - 2 scrolls of brand weapon {unknown}
Potions
 b - a potion of might
 c - 4 potions of mutation
 e - 3 potions of degeneration
 i - 2 potions of curing
 k - a potion of flight
 p - 4 potions of resistance
 v - 10 potions of ambrosia
 w - 2 potions of brilliance
 z - a potion of haste
 A - 2 potions of magic {unknown}
 C - a potion of lignification


   Skills:
 + Level 9.4 Fighting
 + Level 9.4 Dodging
 - Level 1.0 Stealth
 + Level 10.4 Unarmed Combat


You had 10 spell levels left.
You didn't know any spells.
Your spell library contained the following spells:

 Spells                   Type           Power        Failure   Level
 Summon Small Mammal      Summ           0%           41%         1
 Call Imp                 Summ           0%           54%         2
 Poisonous Vapours        Pois/Air       0%           54%         2
 Call Canine Familiar     Summ           0%           80%         3
 Conjure Flame            Conj/Fire      0%           80%         3
 Mephitic Cloud           Conj/Pois/Air  0%           80%         3
 Summon Guardian Golem    Hex/Summ       0%           80%         3
 Summon Ice Beast         Ice/Summ       0%           99%         4
 Summon Lightning Spire   Summ/Air       0%           99%         4
 Freezing Cloud           Conj/Ice/Air   0%           100%        6


Dungeon Overview and Level Annotations

Branches:
Dungeon (9/15)             Temple (1/1) D:5            Lair (1/6) D:9
    Orc: D:9-12

Altars:
Ashenzari
Cheibriados
Dithmenos
Elyvilon
Fedhas
Gozag
Hepliaklqana
Kikubaaqudgha
Makhleb
Okawaru
Qazlal
Ru
Sif Muna
Trog
Uskayaw
Vehumet
Wu Jian
Xom
Yredelemnul
Zin
The Shining One

Shops:
D:4 *   D:5 ?   D:7 ?


Innate Abilities, Weirdness & Mutations

You are too large for most types of armour.
You have claws for hands.
Your natural rate of healing is unusually fast.
You are covered in fur. (AC +1)
You have extremely tough skin. (AC +3)
You have a pair of small horns on your head.
You are resistant to electric shocks. (rElec)
Your muscles are strong. (Str +2)
Your spells are a little easier to cast, but a little less powerful.


Message History

The Council accepts your kill.
You repeatedly attack the komodo dragon from above.
You claw the komodo dragon! You claw the komodo dragon.
The komodo dragon is moderately wounded.
You scratch the komodo dragon but do no damage.
The komodo dragon is moderately wounded.
You feel very sick.
The blink frog blinks!
The komodo dragon bites you!!
The blink frog blinks!
The komodo dragon bites you!!
* * * LOW HITPOINT WARNING * * *
You feel better.
A nearby plant withers and dies.
The blink frog blinks!
A komodo dragon comes into view.
The komodo dragon bites you!
* * * LOW HITPOINT WARNING * * *
The blink frog blinks! x2
You spin and attack the komodo dragon.
You scratch the komodo dragon. Your headbutt misses the komodo dragon.
Your claw misses the komodo dragon.
The komodo dragon is moderately wounded.
The komodo dragon bites you!!
You die...

..§....#....#####
................. .......F.......
..l.......... ... #......... )..
#.F..†# ... #...†.## ..#######
##.l...# ##. ..#..††.# #..@.##
#(. ..#.....# ##....# #..#
..#.....# #.....# ###...##
....†...# ##....# #......### #
..######### #.....## #......P# #
......#...# ##.....####.....†.###
......#..# #............†....##
.†....#..#####..>.#####.........#
†...#.....#.##....# #........##


You could see 2 komodo dragons and 2 blink frogs.

Vanquished Creatures
  A hydra (D:8)
  3 death yaks (D:9)
  A black mamba (Lair:1)
  3 komodo dragons (Lair:1)
  A queen bee (Lair:1)
  Grinder (D:3)
  Prince Ribbit (D:8)
  3 blink frogs (Lair:1)
  A steam dragon (D:8)
  2 water moccasins (Lair:1)
  3 orc warriors
  A black bear (D:8)
  8 ogres
  4 phantoms
  A hornet zombie (D:9)
  4 centaurs
  2 big kobolds
  7 bullfrogs
  2 scorpions
  A water moccasin skeleton (D:5)
  28 killer bees
  4 wights (D:9)
  2 electric eels (D:6)
  2 howler monkeys
  2 quasits
  5 hounds
  2 bullfrog skeletons
  A jelly (D:8)
  8 orc wizards
  7 iguanas
  5 orc priests
  5 worker ants
  2 hell rats (D:9)
  A hound skeleton (D:6)
  A worker ant zombie (D:5)
  Robin (D:2)
  11 adders
  11 gnolls
  3 river rats (D:9)
  5 white imps
  3 oozes
  2 adder skeletons
  5 worms
  11 leopard geckos
  43 orcs
  8 bats
  3 giant cockroaches
  7 hobgoblins
  13 jackals
  3 quokkas
  4 ball pythons
  8 frilled lizards
  16 goblins
  A jackal skeleton (D:4)
  23 kobolds
  A leopard gecko skeleton (D:4)
  A quokka skeleton (D:6)
  8 rats
316 creatures vanquished.

Vanquished Creatures (others)
  An orc wizard (D:6)
  10 plants
11 creatures vanquished.

Grand Total: 327 creatures vanquished

Notes
Turn   | Place    | Note
-------+----------+-------------------------------------------
     0 | D:1      | windgrace the Troll Monk began the quest for the Orb.
     0 | D:1      | Reached XP level 1. HP: 22/22 MP: 0/0
   229 | D:1      | Reached XP level 2. HP: 24/29 MP: 1/1
   515 | D:2      | Reached XP level 3. HP: 33/37 MP: 2/2
   653 | D:2      | Noticed Robin
   667 | D:2      | Killed Robin
   677 | D:2      | Reached XP level 4. HP: 36/45 MP: 3/3
   688 | D:2      | Reached skill level 4 in Unarmed Combat
  1331 | D:3      | Noticed Grinder
  1341 | D:3      | Killed Grinder
  1342 | D:3      | Reached XP level 5. HP: 17/54 MP: 4/4
  1342 | D:3      | Reached XP level 6. HP: 20/62 MP: 5/5
  1721 | D:3      | Reached skill level 5 in Dodging
  2176 | D:4      | Reached XP level 7. HP: 68/71 MP: 6/6
  2284 | D:4      | Reached skill level 5 in Fighting
  2345 | D:4      | Got a ripped robe
  2356 | D:4      | Identified the +1 robe of Grottiness {rCorr Dex+5} (You
                  | found it on level 4 of the Dungeon)
  2486 | D:4      | Found Toso's General Store.
  2492 | D:4      | Bought a scroll of fog for 20 gold pieces
  2492 | D:4      | Bought a scroll of magic mapping for 35 gold pieces
  2676 | D:4      | Found an opulent altar of Gozag.
  2676 | D:4      | Found a blossoming altar of Fedhas.
  2677 | D:4      | Found a hazy altar of Hepliaklqana.
  2896 | D:5      | Entered Level 5 of the Dungeon
  3051 | D:5      | Reached skill level 5 in Unarmed Combat
  3051 | D:5      | Reached XP level 8. HP: 77/83 MP: 7/7
  3125 | D:5      | Found a staircase to the Ecumenical Temple.
  3133 | Temple   | Entered the Ecumenical Temple
  3329 | Temple   | Became a worshipper of the Wu Jian Council
  3329 | Temple   | Reached * piety under Wu Jian
  3329 | Temple   | Reached ** piety under Wu Jian
  3579 | D:5      | Reached skill level 6 in Unarmed Combat
  3918 | D:5      | Found Hesk's Magic Scroll Boutique.
  3921 | D:5      | Bought a scroll of summoning for 123 gold pieces
  3921 | D:5      | Bought a scroll of fear for 45 gold pieces
  4692 | D:6      | Reached XP level 9. HP: 71/92 MP: 8/8
  5196 | D:7      | Reached *** piety under Wu Jian
  5197 | D:7      | Reached skill level 7 in Unarmed Combat
  5304 | D:7      | Gained mutation: Your muscles are strong. (Str +2) [potion
                  | of mutation]
  5304 | D:7      | Gained mutation: You are resistant to electric shocks.
                  | (rElec) [potion of mutation]
  5304 | D:7      | Gained mutation: Your spells are a little easier to cast,
                  | but a little less powerful. [potion of mutation]
  5304 | D:7      | Gained mutation: You have a pair of small horns on your
                  | head. [potion of mutation]
  5724 | D:7      | Found Lauvou's Magic Scroll Emporium.
  5732 | D:7      | Bought a scroll of holy word for 97 gold pieces
  5732 | D:7      | Bought a scroll of random uselessness for 13 gold pieces
  6115 | D:8      | Noticed Prince Ribbit
  6170 | D:8      | Killed Prince Ribbit
  6171 | D:8      | Reached skill level 8 in Unarmed Combat
  6227 | D:8      | Noticed a six-headed hydra
  6267 | D:8      | HP: 2/93 [orc warrior/+0 dire flail (19)]
  6296 | D:8      | Reached **** piety under Wu Jian
  6299 | D:8      | Found a radiant altar of Vehumet.
  6556 | D:8      | Reached XP level 10. HP: 81/104 MP: 9/9
  6585 | D:8      | Killed a six-headed hydra
  6924 | D:8      | Reached skill level 9 in Unarmed Combat
  7305 | D:9      | Found a sacrificial altar of Ru.
  7595 | D:9      | Noticed a death yak
  7596 | D:9      | Found a staircase to the Lair.
  7596 | D:9      | Noticed a death yak
  7598 | D:9      | Noticed a death yak
  7605 | D:9      | Killed a death yak
  7613 | D:9      | Reached ***** piety under Wu Jian
  7617 | D:9      | Killed a death yak
  7660 | D:9      | Killed a death yak
  7661 | D:9      | Reached XP level 11. HP: 71/113 MP: 10/10
  7749 | Lair:1   | Entered Level 1 of the Lair of Beasts
  7872 | Lair:1   | Reached skill level 10 in Unarmed Combat
  8224 | Lair:1   | Slain by a komodo dragon

Illustrated notes

Levels and vault maps discovered:
D:1:      ebering_hopf_link, layout_basic
D:2:      layout_rooms, kennysheep_generic_room_14, uniq_robin
D:3:      layout_loops_ring, minmay_divided_ellipse, uniq_grinder
D:4:      minmay_angry_zag, layout_basic, gammafunk_temple_overflow_claw,
          serial_shops, shop
D:5:      layout_basic, minmay_temple_entry_mist, serial_shops,
          nicolae_shop_statue_plus
D:6:      layout_loops_ring, serial_bayou_lake_a
D:7:      layout_layer_cave, serial_shops, kennysheep_mini_moat
D:8:      minmay_spotlight, layout_cave_pools, lemuel_doored_altar,
          uniq_prince_ribbit1
D:9:      layout_loops_cross, nicolae_ru_the_path_less_chosen,
          general_overflow_altar, dpeg_lair_monsters, serial_shops,
          nicolae_shop_competitors_out_of_business, grunt_ogre_cave, minivault_5
Temple:   regret_index_temple_sphere_string
Lair:1:   layout_gridlike, special_room [special_room_bee], serial_bayou_shore_a

Skill      XL: |  1  2  3  4  5  6  7  8  9 10 11 |
---------------+----------------------------------+-----
Fighting       | 3 4 6 7 8 9 |  9.4
Dodging        | 3 4 5 6 7 8 9 |  9.4
Unarmed Combat | 4 5 6 8 9 10 | 10.4
Stealth        | |  1.0

Action                   |  1- 3 |  4- 6 |  7- 9 | 10-12 || total
-------------------------+-------+-------+-------+-------++-------
Melee: Unarmed           |   103 |   163 |   386 |   192 ||   844
       Punch             |     2 |     1 |     9 |    10 ||    22
       Headbutt          |       |       |    25 |    56 ||    81
       Short sword       |       |       |     7 |    12 ||    19
Throw: Dart              |       |       |     1 |       ||     1
Invok: Lunge             |       |       |    37 |    26 ||    63
       Whirlwind         |       |       |    45 |    46 ||    91
 Abil: Wall Jump         |       |       |     1 |     3 ||     4
Evoke: Wand              |       |       |       |     1 ||     1
  Use: Scroll            |       |       |    11 |     6 ||    17
       Potion            |       |       |     7 |     3 ||    10
 Stab: Sleeping          |     1 |     4 |     8 |     3 ||    16
       Distracted        |       |       |       |     1 ||     1
Armor: Robe              |    38 |    43 |    89 |    38 ||   208
       Skin              |       |       |       |    19 ||    19
Dodge: Dodged            |    59 |    80 |   212 |   163 ||   514
